 Dungeon Crawl Stone Soup version 0.30-a0-711-gf4ac18a38d (webtiles) character file.

Game seed: 294455986551271809

172 wormed the Firebug (level 5, -5/38 HPs)
             Began as a Demonspawn Fire Elementalist on Jan 22, 2023.
             Shot with a sling bullet by a gnoll (8 damage)
             ... on level 3 of the Dungeon.
             The game lasted 00:06:03 (3247 turns).

wormed the Firebug (Demonspawn Fire Elementalist)   Turns: 3247, Time: 00:06:03

Health: -5/38      AC:  7    Str:  8    XL:     5   Next: 27%
Magic:  6/9        EV: 13    Int: 19    God:
Gold:   62         SH:  0    Dex: 19    Spells: 3/9 levels left

rFire   . . .      SeeInvis .    n - +0 dagger
rCold   . . .      Faith    .    (no shield)
rNeg    . . .      Spirit   .    a - +0 robe
rPois   .          Reflect  .    c - +1 helmet
rElec   .          Harm     .    (no cloak)
rCorr   .          Rampage  .    v - +0 pair of gloves
Will    .....                    (no boots)
Stlth   ++                       w - amulet of regeneration
HPRegen 1.06/turn                f - +6 ring of dexterity
MPRegen 0.11/turn                q - ring of wizardry

@: no status effects
A: hooves 2, thin metallic scales 1
a: no special abilities


You were on level 3 of the Dungeon.
You visited 1 branch of the dungeon, and saw 3 of its levels.

You collected 62 gold pieces.

Inventory:

Hand Weapons
 n - a +0 dagger (weapon)
Missiles
 u - a throwing net
Armour
 a - a +0 robe (worn)
 c - a +1 helmet (worn)
 v - a +0 pair of gloves (worn)
Jewellery
 f - a +6 ring of dexterity (left hand)
 q - a ring of wizardry (right hand)
 w - an amulet of regeneration (around neck)
Scrolls
 g - a scroll of summoning {unknown}
 h - a scroll of teleportation {unknown}
 j - 3 scrolls of poison {unknown}
 k - a scroll of silence {unknown}
 l - a scroll of identify {unknown}
 m - a scroll of fog {unknown}
 s - a scroll of fear {unknown}
Potions
 d - a potion of lignification {unknown}
 e - a potion of might {unknown}
 i - 2 potions of mutation {unknown}
 o - a potion of curing {unknown}
 p - a potion of invisibility {unknown}
 r - a potion of heal wounds {unknown}
 t - a potion of cancellation {unknown}


   Skills:
 + Level 1.7 Fighting
 + Level 2.6 Dodging
 + Level 2.7 Stealth
 + Level 2.7 Spellcasting
 + Level 2.1 Conjurations
 + Level 3.2 Fire Magic


You had 3 spell levels left.
You knew the following spells:

 Your Spells              Type           Power      Damage    Failure   Level
a - Foxfire               Conj/Fire      48%        2x1d6     2%          1
b - Scorch                Fire           30%        2d6       2%          2
c - Inner Flame           Hex/Fire       8%         N/A       10%         3

Your spell library contained the following spells:

 Spells                   Type           Power      Damage    Failure   Level
 Sandblast                Erth           4%         2d4       6%          1
 Passwall                 Tmut/Erth      1%         N/A       10%         2
 Kindle Blastsparks       Fire/Tloc/Air  12%        2d11      12%         3
 Stone Arrow              Conj/Erth      12%        3d7       12%         3
 Flame Wave               Conj/Fire      12%        2d6       21%         4


Dungeon Overview and Level Annotations

Branches:
Dungeon (3/15)

Altars:


Innate Abilities, Weirdness & Mutations

You have hoof-like feet.
You are partially covered in thin metallic scales. (AC +2)


Message History

The gnoll is moderately wounded.
The gnoll hits you with a +0 flail.
You closely miss the gnoll. Your kick misses the gnoll.
The gnoll is moderately wounded.
The gnoll hits you with a +0 flail!
Casting: Foxfire (safe; 2% risk of failure)
Confirm with . or Enter, or press ? or * to list all spells.
You don't have enough magic to cast this spell.
You hit the gnoll but do no damage.
The gnoll is moderately wounded.
The gnoll hits you but does no damage.
The gnoll shoots a sling bullet.
The sling bullet closely misses you.
Casting: Foxfire (safe; 2% risk of failure)
Confirm with . or Enter, or press ? or * to list all spells.
You don't have enough magic to cast this spell.
You closely miss the gnoll. You kick the gnoll.
The gnoll is severely wounded.
The gnoll barely misses you.
The gnoll shoots a sling bullet.
The sling bullet hits you.
Casting: Foxfire (safe; 2% risk of failure)
Confirm with . or Enter, or press ? or * to list all spells.
You don't have enough magic to cast this spell.
You hit the gnoll but do no damage. Your kick misses the gnoll.
The gnoll is severely wounded.
The gnoll hits you with a +0 flail.
* * * LOW HITPOINT WARNING * * *
The gnoll shoots a sling bullet.
The sling bullet hits you!
* * * LOW HITPOINT WARNING * * *
Magic courses through your body. The gnoll barely misses you.
The gnoll shoots a sling bullet.
The sling bullet misses you.
Casting: Foxfire (safe; 2% risk of failure)
Confirm with . or Enter, or press ? or * to list all spells.
Flames lash the gnoll but do no damage.
The gnoll completely misses you.
The gnoll shoots a sling bullet.
The sling bullet closely misses you.
Casting: Scorch (safe; 2% risk of failure)
Confirm with . or Enter, or press ? or * to list all spells.
Flames lash the gnoll but do no damage.
The gnoll hits you with a +0 flail.
* * * LOW HITPOINT WARNING * * *
The gnoll shoots a sling bullet.
The sling bullet hits you!
You die...

##..........................###.#
....................P....P..###.#
##........)..................##.#
............†..........).........
........)...)..........########.#
...#######.).......g...# #.# ...#
#.........#...# #.# ...#
#......g..#...## #..
.#.###########..@..#....# #.#
##.#......# #.....#....# #.#
.#.#......##########....# #.#
.#.#......#........#....# #.#
.#.#......#........#....# ##.#
##.#......#........#....######..#
..........'.............##.....##
..........#...)....###.....#####
..........#........# #>.####


You could see 2 gnolls.

Vanquished Creatures
  8 gnolls
  2 adders
  A worm (D:3)
  2 dart slugs
  4 orcs (D:3)
  5 ball pythons
  4 bats
  3 endoplasms (D:1)
  2 giant cockroaches
  6 goblins
  7 hobgoblins
  3 jackals (D:1)
  4 kobolds
  6 quokkas
  4 frilled lizards
  3 rats
64 creatures vanquished.

Vanquished Creatures (others)
  120 foxfires
  16 plants (D:3)
136 creatures vanquished.

Grand Total: 200 creatures vanquished

Notes
Turn   | Place    | Note
-------+----------+-------------------------------------------
     0 | D:1      | wormed the Demonspawn Fire Elementalist began the quest for
                  | the Orb.
     0 | D:1      | Reached XP level 1. HP: 13/13 MP: 3/3
   232 | D:1      | Gained mutation: You are partially covered in thin metallic
                  | scales. (AC +2) [demonic ancestry]
   232 | D:1      | Reached XP level 2. HP: 20/20 MP: 0/5
   856 | D:1      | Gained mutation: You have large cloven feet. [demonic
                  | ancestry]
   856 | D:1      | Reached XP level 3. HP: 24/25 MP: 4/6
   859 | D:1      | Learned a level 2 spell: Scorch
   863 | D:1      | Learned a level 3 spell: Inner Flame
  1000 | D:1      | Found a faded altar of an unknown god.
  1358 | D:1      | Reached skill level 1 in Fighting
  1358 | D:1      | Reached skill level 3 in Fire Magic
  1947 | D:3      | Gained mutation: You have hoof-like feet. [demonic
                  | ancestry]
  1947 | D:3      | Reached XP level 4. HP: 32/32 MP: 4/7
  2256 | D:3      | Identified the +3 ring mail "Soplidieng" {rElec rPois rCorr
                  | Int-3}
  3023 | D:3      | Reached XP level 5. HP: 37/37 MP: 2/8
  3247 | D:3      | Shot with a sling bullet by a gnoll

Illustrated notes

Levels and vault maps discovered:
D:1:      wander_arrival_lonely_grave, layout_basic, basic_ecumenical_altar,
          minmay_misc_feat_secret_circle
D:2:      layout_loops_cross, chequers_serial_rivers_micro_d
D:3:      layout_basic, dk_vineyard_2, glass_columns_c, nicolae_grassy_gnolls

Skill      XL: |  1  2  3  4 |
---------------+-------------+-----
Dodging        | 2 |  2.6
Stealth        | 2 |  2.7
Fighting       | 1 |  1.7
Fire Magic     | 3 |  3.2
Conjurations   | 2 |  2.1
Spellcasting   | |  2.7

Action                     |  1- 3 |  4- 6 || total
---------------------------+-------+-------++-------
  Melee: Unarmed           |    16 |       ||    16
         Dagger            |     1 |    26 ||    27
         Kick              |       |    11 ||    11
   Cast: Foxfire           |    35 |    33 ||    68
         Scorch            |    21 |    23 ||    44
    Use: Potion            |     1 |     1 ||     2
         Scroll            |     1 |       ||     1
 Armour: Robe              |    24 |    17 ||    41
  Dodge: Dodged            |    63 |    59 ||   122

Table legend: (Time is in decaauts)
 A = Elapsed time spent in this place.
 B = Non-inter-level travel time spent in this place.
 C = Inter-level travel time spent in this place.
 D = Time resting spent in this place.
 E = Time spent auto-exploring this place.
 F = Levels seen in this place.
 G = Mean time per level.
                   A        B        C        D        E       F      G
               +--------+--------+--------+--------+--------+-----+--------+
         Total |   3247 |   3170 |     77 |      0 |   2514 |   3 | 1082.3 |
       Dungeon |   3247 |   3170 |     77 |      0 |   2514 |   3 | 1082.3 |
               +--------+--------+--------+--------+--------+-----+--------+

Top non-repeatable levels by time:
     D:2: 1116 daAuts
     D:1: 1107 daAuts
     D:3: 1022 daAuts
